 Dungeon Crawl Stone Soup version 0.31-a0-692-gf03d1854d5 (webtiles) character file.

Game seed: 5995461926234101849

3526 qw the Skirmisher (level 10, -1/64 HPs)
             Began as a Gargoyle Hunter on Sept 6, 2023.
             Was an Initiate of Okawaru.
             Engulfed by a steam dragon's steam (10 damage)
             ... on level 8 of the Dungeon.
             The game lasted 00:03:06 (6873 turns).

qw the Skirmisher (Gargoyle Hunter)                 Turns: 6873, Time: 00:03:07

Health: -1/64      AC: 12    Str: 15    XL:     10   Next: 8%
Magic:  10/10      EV: 12    Int: 10    God:    Okawaru [......]
Gold:   1046       SH:  0    Dex: 17    Spells: 9/9 levels left

rFire   . . .        Y - +0 orcbow
rCold   . . .        (shield currently unavailable)
rNeg    + . .        a - +0 ring mail
rPois   inf          (no helmet)
rElec   +            (no cloak)
rCorr   .            (no gloves)
SInv    +            (no boots)
Will    .....        (no amulet)
Stlth   +            k - ring of see invisible
HPRegen 0.30/turn    (no ring)
MPRegen 0.12/turn

%: no passive effects
@: about to teleport, flying
A: sickness immunity, AC +7, negative energy resistance 1, electricity
resistance, torment resistance 1, petrification resistance, big wings, subdued
magic 1, MP-powered wands
a: Renounce Religion


You were on level 8 of the Dungeon.
You worshipped Okawaru.
Okawaru was noncommittal.
You visited 2 branches of the dungeon, and saw 9 of its levels.
You also visited: Ossuary.

You collected 1046 gold pieces.


Innate Abilities, Weirdness & Mutations

You are immune to sickness and miasma.
Your stone body is resilient. (AC +7)
You are immune to poison.
You resist negative energy. (rN+)
You are resistant to electric shocks. (rElec)
You are resistant to unholy torment.
You are immune to petrification.
Your large and strong wings let you fly.
Your spells are a little easier to cast, but a little less powerful.
You expend magic power (3 MP) to strengthen your wands.


   Skills:
 - Level 8.1 Fighting
 + Level 12.0 Ranged Weapons
 - Level 3.0 Armour
 - Level 3.0 Dodging
 - Level 1.1 Stealth
 - Level 0.5 Invocations


You had 9 spell levels left.
You didn't know any spells.
Your spell library was empty.

Inventory:

Hand Weapons
 Y - a +0 orcbow (weapon)
Armour
 a - a +0 ring mail (worn)
Jewellery
 f - a ring of ice
 k - a ring of see invisible (left hand)
Scrolls
 h - a scroll of identify
Potions
 b - 3 potions of curing
 c - 2 potions of mutation
 e - a potion of enlightenment
 l - a potion of haste
 n - 3 potions of heal wounds

Dungeon Overview and Level Annotations

Branches:
Dungeon (8/15)             Temple (1/1) D:7         Ossuary (visited)
   Lair: D:8-11

Altars:
Ashenzari
Dithmenos
Elyvilon
Fedhas
Hepliaklqana
Kikubaaqudgha
Makhleb
Nemelex Xobeh
Okawaru
Qazlal
Ru
Sif Muna
Trog
Uskayaw
Vehumet
Wu Jian
Xom
Yredelemnul
Zin
The Shining One

Shops:
D:2 (   D:8 (


Message History

You see here a +0 whip.
You see here a +0 leather armour.
d - a scroll of teleportation You see here a wand of polymorph (8).
You now have 1046 gold pieces (gained 14).
There is an entrance to Nyziesuwk's Weapon Shop here.
Found an escape hatch in the floor.
A steam dragon comes into view.
The steam dragon moves out of view.
Found a stone staircase leading down and a stone staircase leading up.
There is an escape hatch in the floor here.
Enter note: You shoot an arrow.
The arrow hits the steam dragon.
The steam dragon is lightly wounded.
You shoot an arrow.
The arrow closely misses the steam dragon.
The steam dragon breathes steam at you. The ball of steam hits you!
You shoot an arrow. The arrow hits the steam dragon.
The steam dragon is moderately wounded.
You are engulfed in a cloud of scalding steam.
The steam dragon bites you but does no damage.
The steam dragon closely misses you.
You shoot an arrow. The arrow hits the steam dragon!
The steam dragon is severely wounded.
You are engulfed in a cloud of scalding steam.
The steam dragon closely misses you. The steam dragon claws you.
You shoot an arrow. The arrow hits the steam dragon!
The steam dragon is almost dead.
You are engulfed in a cloud of scalding steam.
The steam dragon barely misses you. x2
You shoot an arrow.
The arrow closely misses the steam dragon.
The steam dragon breathes steam at you. The ball of steam hits you!
6873 ||| READING scroll of teleportation.
As you read the scroll of teleportation, it crumbles to dust.
You feel strangely unstable.
You are engulfed in a cloud of scalding steam.
You die...

##### #...# #...# ###
##########...#####....>
#..............@.......
###.######...###D#..##.
#.# ##### ... # #.#
....# #.# ....# #.#
....# #.# <...# #.#
..... #.# ###


You could see a steam dragon (catching breath).

Vanquished Creatures
  A hornet (D:8)
  Sigmund (D:6)
  Eustachio (D:4)
  A steam dragon (D:7)
  A water moccasin (D:6)
  2 ice beasts (D:7)
  An orc warrior (D:7)
  An ogre (D:5)
  3 centaurs
  4 phantoms
  Blork the orc (D:4)
  2 bullfrogs
  A gnoll sergeant (D:7)
  12 scorpions
  4 wights (D:7)
  A howler monkey (D:8)
  A centaur zombie (Ossuary)
  3 human zombies (Ossuary)
  2 hounds (D:5)
  An orc priest (D:8)
  A jelly (D:7)
  6 orc wizards
  A scorpion zombie (Ossuary)
  3 mummies (Ossuary)
  7 adders
  2 gnolls (D:7)
  A shadow imp (D:6)
  A white imp (D:7)
  An ufetubus (D:7)
  2 worms
  3 dart slugs
  29 orcs
  4 ball pythons
  5 bats
  10 endoplasms
  6 giant cockroaches
  3 goblins
  7 hobgoblins
  11 jackals
  6 kobolds
  2 quokkas
  4 frilled lizards
  A goblin zombie (Ossuary)
  4 hobgoblin zombies (Ossuary)
  2 kobold zombies (Ossuary)
  3 orc zombies (Ossuary)
  3 rats (D:1)
172 creatures vanquished.

Notes
Turn   | Place    | Note
-------+----------+-------------------------------------------
     0 | D:1      | qw the Gargoyle Hunter began the quest for the Orb.
     0 | D:1      | Reached XP level 1. HP: 12/12 MP: 1/1
     0 | D:1      | 0 ||| qw: Version: 0.3-a-76-g4403597
     0 | D:1      | 0 ||| qw: Game counter: 209
     0 | D:1      | 0 ||| qw: Melee chars always use a shield: true
     0 | D:1      | 0 ||| qw: God list: Okawaru
     0 | D:1      | 0 ||| qw: Allow faded altars: false
     0 | D:1      | 0 ||| qw: Do Orc after clearing Dungeon:15 true
     0 | D:1      | 0 ||| qw: Do second Lair branch before Depths: true
     0 | D:1      | 0 ||| qw: Lair rune preference: random
     0 | D:1      | 0 ||| qw: Goals: Normal
     0 | D:1      | 0 ||| PLANNING D:1-11
   190 | D:1      | Reached XP level 2. HP: 17/17 MP: 2/2
   424 | D:1      | Reached XP level 3. HP: 21/21 MP: 3/3
   440 | D:1      | Found a faded altar of an unknown god.
   461 | D:1      | Reached skill level 5 in Ranged Weapons
   474 | D:1      | 474 ||| UPGRADING to ring of see invisible.
   475 | D:1      | 475 ||| READING scroll labelled SIOSUUTWUC.
   476 | D:1      | 476 ||| READING scroll labelled NEFEVVATTI.
   477 | D:1      | 477 ||| DROPPING scroll of butterflies.
  1046 | D:1      | 1046 ||| READING 3 scrolls labelled QILELU FAGAETH.
  1047 | D:1      | 1047 ||| DRINKING 2 bubbling silvery potions.
  1047 | D:1      | Gained mutation: You occasionally lose the ability to read
                  | scrolls when taking damage. [potion of mutation]
  1047 | D:1      | Gained mutation: You are robust. (+10% HP) [potion of
                  | mutation]
  1052 | D:1      | 1052 ||| DRINKING potion of mutation.
  1052 | D:1      | Lost mutation: You are robust. (+10% HP) [potion of
                  | mutation]
  1052 | D:1      | Lost mutation: You occasionally lose the ability to read
                  | scrolls when taking damage. [potion of mutation]
  1052 | D:1      | Gained mutation: You expend magic power (3 MP) to
                  | strengthen your wands. [potion of mutation]
  1052 | D:1      | Gained mutation: Your spells are a little easier to cast,
                  | but a little less powerful. [potion of mutation]
  1052 | D:1      | Gained mutation: Your large and strong wings let you fly.
                  | [potion of mutation]
  1053 | D:1      | 1053 ||| DROPPING 2 scrolls of fear.
  1113 | D:2      | Reached skill level 3 in Fighting
  1251 | D:2      | Reached XP level 4. HP: 28/28 MP: 4/4
  1387 | D:2      | Found Peimyob's Antique Weapon Shoppe.
  1393 | D:2      | 1393 ||| SHOPLISTING glowing shortbow (144 gold, have 102).
  1807 | D:2      | 1807 ||| UPGRADING to +0 ring mail.
  1817 | D:2      | 1817 ||| DROPPING +0 leather armour.
  1818 | D:2      | 1818 ||| READING scroll labelled IKHIS XAINING.
  1819 | D:2      | 1819 ||| READING scroll labelled ETHIJIERPHA.
  1819 | D:2      | Identified a scroll of acquirement
  1819 | D:2      | 1819 ||| ACQUIRING 584 gold pieces
  1819 | D:2      | Acquired 584 gold pieces
  1821 | D:2      | 1821 ||| READING scroll labelled LYET FECWUC.
  1839 | D:2      | 1839 ||| READING scroll labelled NURELI FYIZUK.
  1840 | D:2      | 1840 ||| READING scroll labelled VOT AGISUKOUKKON.
  1841 | D:2      | 1841 ||| DRINKING 2 fuming yellow potions.
  1942 | D:3      | Reached skill level 1 in Armour
  1974 | D:3      | Reached XP level 5. HP: 32/32 MP: 5/5
  2122 | D:3      | Reached skill level 6 in Ranged Weapons
  2143 | D:3      | Identified the +4 chain mail of Noakluz {rPois rF- Str+2}
  2504 | D:3      | 2504 ||| READING 2 scrolls labelled WIOJEC BOIPLU.
  2508 | D:3      | 2508 ||| READING scroll labelled NEMOUT JAACEL.
  2509 | D:3      | 2509 ||| DRINKING 2 sapphire potions.
  2600 | D:4      | Noticed Blork the orc
  2607 | D:4      | Killed Blork the orc
  2608 | D:4      | Reached XP level 6. HP: 29/38 MP: 6/6
  2656 | D:4      | 2656 ||| DRINKING potion of curing.
  2656 | D:4      | 2656 ||| (to cure confusion)
  2657 | D:4      | 2657 ||| Stepping ~*~*~tactically~*~*~ (outnumbered).
  2665 | D:4      | 2665 ||| Stepping ~*~*~tactically~*~*~ (outnumbered).
  2673 | D:4      | HP: 9/38 [orc wizard/+0 dagger (1)]
  2674 | D:4      | 2674 ||| DRINKING potion of heal wounds.
  2681 | D:4      | HP: 9/38 [orc/+0 dagger (2)]
  2682 | D:4      | 2682 ||| READING scroll of teleportation.
  2962 | D:4      | Reached skill level 7 in Ranged Weapons
  3061 | D:4      | Reached XP level 7. HP: 42/43 MP: 7/7
  3278 | D:4      | Noticed Eustachio
  3290 | D:4      | 3290 ||| Stepping ~*~*~tactically~*~*~ (retreating).
  3291 | D:4      | 3291 ||| Stepping ~*~*~tactically~*~*~ (retreating).
  3296 | D:4      | Killed Eustachio
  3305 | D:4      | 3305 ||| READING scroll labelled DUFOEL OSHOWOT.
  3319 | D:5      | Entered Level 5 of the Dungeon
  3327 | D:5      | Reached skill level 8 in Ranged Weapons
  3524 | D:5      | Found an ancient bone altar of Kikubaaqudgha.
  3530 | D:5      | Found a blossoming altar of Fedhas.
  3548 | D:5      | Reached XP level 8. HP: 36/49 MP: 8/8
  3633 | D:5      | 3633 ||| SWAPPING to +0 orcbow.
  3634 | D:5      | 3634 ||| DROPPING +0 shortbow of draining.
  3753 | D:5      | 3753 ||| READING scroll labelled VYFEXZ BEFEYL.
  3854 | D:5      | 3854 ||| DRINKING 2 fuming orange potions.
  3855 | D:5      | 3855 ||| DRINKING 3 smoky yellow potions.
  3889 | D:5      | 3889 ||| READING 2 scrolls of identify.
  3889 | D:5      | 3889 ||| IDENTIFYING grey potion
  3890 | D:5      | 3890 ||| DROPPING potion of brilliance.
  3891 | D:5      | 3891 ||| DROPPING 2 potions of lignification.
  3897 | D:6      | 3897 ||| PLANNING OSSUARY
  3978 | D:6      | Reached skill level 9 in Ranged Weapons
  4130 | D:6      | Noticed Sigmund
  4156 | D:6      | Killed Sigmund
  4157 | D:6      | Reached skill level 6 in Fighting
  4258 | D:6      | Found a sand-covered staircase.
  4259 | D:6      | 4259 ||| READING scroll labelled VYVAXOHURO.
  4260 | D:6      | 4260 ||| READING 2 scrolls of identify.
  4260 | D:6      | 4260 ||| IDENTIFYING silvery potion
  4261 | D:6      | 4261 ||| DROPPING potion of attraction.
  4267 | Ossuary  | Entered an ossuary
  4419 | Ossuary  | 4419 ||| Stepping ~*~*~tactically~*~*~ (retreating).
  4420 | Ossuary  | 4420 ||| Stepping ~*~*~tactically~*~*~ (retreating).
  4433 | Ossuary  | Reached skill level 10 in Ranged Weapons
  4491 | Ossuary  | Reached XP level 9. HP: 54/56 MP: 9/9
  4576 | Ossuary  | 4576 ||| Stepping ~*~*~tactically~*~*~ (retreating).
  4769 | Ossuary  | 4769 ||| READING scroll labelled PYECSO URAA.
  4770 | Ossuary  | 4770 ||| DRINKING 2 fuming amethyst potions.
  4771 | Ossuary  | 4771 ||| READING 2 scrolls of identify.
  4771 | Ossuary  | 4771 ||| IDENTIFYING murky puce potion
  4772 | Ossuary  | 4772 ||| DROPPING potion of degeneration.
  4826 | D:6      | 4826 ||| PLANNING D:1-11
  4868 | D:6      | Identified the +9 quarterstaff "Vymoasae" {flame, *Slow
                  | rPois rN++}
  5446 | D:7      | Reached skill level 11 in Ranged Weapons
  5480 | D:7      | Reached skill level 3 in Dodging
  5510 | D:7      | 5510 ||| FLEEEEING.
  5511 | D:7      | 5511 ||| FLEEEEING.
  5512 | D:7      | 5512 ||| FLEEEEING.
  5513 | D:7      | 5513 ||| FLEEEEING.
  5514 | D:7      | 5514 ||| FLEEEEING.
  5515 | D:7      | 5515 ||| FLEEEEING.
  5516 | D:7      | 5516 ||| FLEEEEING.
  5517 | D:7      | 5517 ||| STAIRDANCE
  5598 | D:7      | Found a staircase to the Ecumenical Temple.
  5599 | D:7      | 5599 ||| PLANNING TEMPLE
  5605 | Temple   | Entered the Ecumenical Temple
  5606 | Temple   | 5606 ||| PLANNING OKAWARU WORSHIP
  5633 | Temple   | Became a worshipper of Warmaster Okawaru
  5634 | Temple   | 5634 ||| PLANNING D:1-11
  5980 | D:7      | Found a white marble altar of Elyvilon.
  6147 | D:7      | Reached * piety under Okawaru
  6148 | D:7      | 6148 ||| INVOKING Heroism.
  6276 | D:7      | 6276 ||| READING scroll labelled CYZOT FAMI.
  6277 | D:7      | 6277 ||| DRINKING 2 metallic black potions.
  6278 | D:7      | 6278 ||| DRINKING 4 potions of curing.
  6278 | D:7      | 6278 ||| (to cure confusion)
  6279 | D:7      | 6279 ||| READING 2 scrolls of identify.
  6279 | D:7      | 6279 ||| IDENTIFYING cyan potion
  6280 | D:7      | 6280 ||| DROPPING potion of invisibility.
  6281 | D:7      | 6281 ||| DROPPING potion of ambrosia.
  6303 | D:8      | Noticed a hornet
  6321 | D:8      | Killed a hornet
  6322 | D:8      | Reached XP level 10. HP: 23/64 MP: 10/10
  6473 | D:8      | Reached skill level 12 in Ranged Weapons
  6623 | D:8      | 6623 ||| INVOKING Heroism.
  6627 | D:8      | Reached skill level 3 in Armour
  6833 | D:8      | Found Nyziesuwk's Weapon Shop.
  6872 | D:8      | HP: 9/64 [steam dragon/ball of steam (15)]
  6873 | D:8      | 6873 ||| READING scroll of teleportation.
  6873 | D:8      | Engulfed by a steam dragon's steam

Levels and vault maps discovered:
D:1:      lightli_arrival_statue_moat, layout_basic, serial_aquarium,
          aquarium_bridge_straight [aquarium_subvault_bridge,
          aquarium_subvault_window, aquarium_subvault_bridge,
          aquarium_subvault_wall], aquarium_bridge_square
          [aquarium_subvault_window, aquarium_subvault_bridge,
          aquarium_subvault_window, aquarium_subvault_balcony],
          aquarium_window_2, aquarium_window_corner, aquarium_window_fake,
          aquarium_window_corridor_2, aquarium_view_2b, aquarium_balcony_1b,
          aquarium_pool_side, hellmonk_ecumenical_altar_lost_god,
          grunt_decor_fettered, minmay_misc_feat_enclosed, minivault_14,
          grunt_decor_mini_mirrors, grunt_decor_resistance
D:2:      layout_loops_ring, serial_shops, nicolae_shop_just_a_little_nook
D:3:      layout_loops_ring, skrybe_limestone_x, minivault_19
D:4:      layout_loops_ring, minivault_11, uniq_blork_the_orc, uniq_eustachio
D:5:      layout_rooms, grunt_temple_overflow_growth_and_decay
D:6:      layout_basic, nicolae_ossuary_entry_plus, uniq_sigmund
D:7:      layout_rooms, marbit_many_paths, minmay_temple_entry_junction_2
D:8:      layout_basic, erik_lair_dragon, serial_shops,
          nicolae_shop_back_alley_shop, minmay_shop_mass
Temple:   bh_familiar_temple

Skill      XL: |  1  2  3  4  5  6  7  8  9 10 |
---------------+-------------------------------+-----
Ranged Weapons | 5 6 7 8 10 11 12 | 12.0
Fighting       | 3 4 5 6 8 |  8.1
Armour         | 1 2 3 |  3.0
Dodging        | 2 3 |  3.0
Stealth        | |  1.1
Invocations    | |  0.5

Action                     |  1- 3 |  4- 6 |  7- 9 | 10-12 || total
---------------------------+-------+-------+-------+-------++-------
   Fire: Shortbow          |   147 |   152 |    57 |       ||   356
         Orcbow            |       |       |   371 |    41 ||   412
 Invoke: Heroism           |       |       |     1 |     1 ||     2
    Use: Scroll            |     3 |     8 |     9 |     1 ||    21
         Potion            |     2 |     4 |     5 |       ||    11
 Armour: Leather armour    |    43 |    10 |       |       ||    53
         Ring mail         |       |    76 |   231 |    15 ||   322
  Dodge: Dodged            |    45 |    63 |   155 |     7 ||   270

Table legend:
 A = Non-vault XP
 B = Vault XP
 C = Vault XP percentage of total XP
 D = Non-vault monster count
 E = Vault monster count
 F = Vault count percentage of total count
                 A         B        C        D         E       F
            +---------+---------+-------+---------+---------+-------
      Total |    3284 |    1754 |  34.8 |     140 |      32 |  18.6
            +---------+---------+-------+---------+---------+-------
        D:1 |      69 |       0 |   0.0 |      37 |       0 |   0.0
        D:2 |      51 |       0 |   0.0 |      12 |       0 |   0.0
        D:3 |     145 |       0 |   0.0 |      20 |       0 |   0.0
        D:4 |     322 |     290 |  47.4 |      24 |       2 |   7.7
        D:5 |     456 |       0 |   0.0 |      12 |       0 |   0.0
        D:6 |     584 |     231 |  28.3 |      10 |       1 |   9.1
        D:7 |    1160 |     133 |  10.3 |      19 |       1 |   5.0
        D:8 |     497 |       0 |   0.0 |       6 |       0 |   0.0
    Ossuary |       0 |    1100 | 100.0 |       0 |      28 | 100.0
            +---------+---------+-------+---------+---------+-------
